[Event "ONJK-FGH 2019"]
[Site "Borne"]
[Date "2019.08.13"]
[Round "1.1"]
[White "Vijver, Jonathan"]
[Black "Londers, Tuur"]
[Result "1-0"]
[ECO "C56"]
[WhiteElo "999"]
[BlackElo "500"]
[Annotator "NA"]
[PlyCount "91"]
[EventDate "2019.08.05"]
[EventType "swiss"]
[EventCountry "NED"]
[TimeControl "1500+10"]

1. e4 e5 2. Nf3 Nc6 3. d4 exd4 4. Bc4 Nf6 5. e5 Ne4 6. Nxd4 Nxe5 7. Qe2 d5 8. Bd3 Bc5 9. Be3 Bg4 10. f3 Bf5 11. Nxf5 d4 12. Bxe4 dxe3 13. Qb5+ Nd7 14. Qc4 Qg5 15. Qc3 Qxg2 16. Nxg7+ Kf8 17. Ne6+ Kg8 18. Qg7+ Qxg7 19. Nxg7 Kxg7 20. Rg1+ Kf6 21. Nc3 Bb4 22. Bxb7 Bxc3+ 23. bxc3 Rab8 24. O-O-O Nc5 25. Be4 Nxe4 26. fxe4 Ke5 27. Rd7 Kxe4 28. Rxf7 Rbe8 29. Kd1 Kd5 30. Ke2 Kc4 31. Rxc7+ Kd5 32. Rxa7 Rhf8 33. Rf1 Rg8 34. Rxh7 Rg2+ 35. Ke1 e2 36. Rh1 Rc8 37. Rh3 Ra8 38. Rg3 Rxg3 39. hxg3 Rxa2 40. Kxe2 Rxc2+ 41. Kd3 Rg2 42. Rh3 Ke5 43. c4 Kf5 44. Kd4 Kg4 45. Rh8 Rxg3 46. Rg8+ 1-0

[Event "ONJK-FGH 2019"]
[Site "Borne"]
[Date "2019.08.13"]
[Round "1.2"]
[White "Feenstra, Bram"]
[Black "Kurt, Sascha"]
[Result "0-1"]
[ECO "D01"]
[WhiteElo "485"]
[BlackElo "984"]
[Annotator "NA"]
[PlyCount "120"]
[EventDate "2019.08.05"]
[EventType "swiss"]
[EventCountry "NED"]
[TimeControl "1500+10"]

1. d4 d5 2. Nf3 Nf6 3. Nc3 e6 4. Bg5 Nbd7 5. Bxf6 Nxf6 6. g3 b6 7. e3 Bb7 8. Bb5+ c6 9. Bd3 Be7 10. O-O O-O 11. h4 Qd7 12. Ne5 Qc7 13. g4 Nd7 14. Nxd7 Qxd7 15. g5 g6 16. h5 Bxg5 17. f4 Bf6 18. hxg6 fxg6 19. Qg4 Qg7 20. Qxe6+ Qf7 21. Qxf7+ Rxf7 22. e4 Bxd4+ 23. Kg2 Bxc3 24. bxc3 Raf8 25. f5 gxf5 26. exf5 Bc8 27. c4 Bxf5 28. Bxf5 Rxf5 29. cxd5 Rxf1 30. Rxf1 Rxf1 31. Kxf1 cxd5 32. Kf2 Kf7 33. c3 Ke6 34. Ke3 Ke5 35. a3 h5 36. Kf2 Kf4 37. Kg2 Kg4 38. Kh2 Kf3 39. Kh3 Ke3 40. Kh4 Kd3 41. Kxh5 Kxc3 42. Kg4 d4 43. Kf3 d3 44. Kf2 d2 45. Ke2 Kc2 46. Ke3 d1=Q 47. Ke4 Qd3+ 48. Ke5 Kc3 49. Ke6 Qd4 50. Ke7 Qd5 51. Ke8 Qd6 52. Kf7 Qe5 53. Kf8 Qe6 54. Kg7 Qf5 55. Kg8 Qf6 56. Kh7 Qg5 57. Kh8 Kd4 58. a4 Ke5 59. a5 Kf6 60. axb6 Qg7# 0-1

[Event "ONJK-FGH 2019"]
[Site "Borne"]
[Date "2019.08.13"]
[Round "1.3"]
[White "Terlouw, Wouter"]
[Black "Fallaux, Bram"]
[Result "1-0"]
[ECO "D24"]
[WhiteElo "1159"]
[BlackElo "253"]
[Annotator "NA"]
[PlyCount "37"]
[EventDate "2019.08.05"]
[EventType "swiss"]
[EventCountry "NED"]
[TimeControl "1500+10"]

1. d4 d5 2. c4 dxc4 3. e3 Bf5 4. Bxc4 Nf6 5. Nc3 e6 6. Nf3 Bd6 7. Qb3 O-O 8. Qxb7 Nbd7 9. Qb3 Rb8 10. Qd1 Be4 11. O-O Bxf3 12. Qxf3 h6 13. e4 Bb4 14. Bd2 Bxc3 15. Bxc3 Rc8 16. Qg3 Qe7 17. d5 exd5 18. Bxd5 Nxd5 19. Qxg7# 1-0

[Event "ONJK-FGH 2019"]
[Site "Borne"]
[Date "2019.08.13"]
[Round "1.4"]
[White "Hemmink, Noa"]
[Black "Gang, Kevin"]
[Result "0-1"]
[ECO "C48"]
[WhiteElo "236"]
[BlackElo "827"]
[Annotator "NA"]
[PlyCount "60"]
[EventDate "2019.08.05"]
[EventType "swiss"]
[EventCountry "NED"]
[TimeControl "1500+10"]

1. e4 e5 2. Nf3 Nc6 3. Bb5 d6 4. Bxc6+ bxc6 5. O-O Nf6 6. Re1 Be7 7. Nc3 O-O 8. d3 Bg4 9. Bg5 h6 10. Bxf6 Bxf6 11. h3 Bxf3 12. Qxf3 Qd7 13. Rad1 Rfe8 14. Qh5 Rad8 15. Re3 Bg5 16. Rg3 g6 17. Qf3 Re6 18. Re1 Rf6 19. Qe2 d5 20. exd5 cxd5 21. Qxe5 d4 22. Nd5 Qxd5 23. Qe2 Re6 24. Qd1 Rxe1+ 25. Qxe1 Qxa2 26. c4 dxc3 27. bxc3 Rb8 28. Rf3 Rb1 29. Kf1 Bd2 30. Rf6 Rxe1# 0-1

[Event "ONJK-FGH 2019"]
[Site "Borne"]
[Date "2019.08.13"]
[Round "1.5"]
[White "Thijssen, Freek"]
[Black "Ho, Alex"]
[Result "1-0"]
[ECO "C54"]
[WhiteElo "702"]
[BlackElo "332"]
[Annotator "NA"]
[PlyCount "85"]
[EventDate "2019.08.05"]
[EventType "swiss"]
[EventCountry "NED"]
[TimeControl "1500+10"]

1. e4 e5 2. Nf3 Nc6 3. Bc4 Bc5 4. c3 Nf6 5. Ng5 d5 6. exd5 Nd7 7. d3 O-O 8. dxc6 bxc6 9. Qf3 Nf6 10. O-O Bg4 11. Qxc6 Be2 12. Re1 Bg4 13. Rxe5 Qd6 14. Qxd6 cxd6 15. Re7 d5 16. Rc7 dxc4 17. Rxc5 cxd3 18. Bd2 Rae8 19. Rc4 Ne4 20. Nxe4 f5 21. Nd6 Re2 22. Rd4 Rd8 23. Nxf5 Rxd4 24. Nxd4 Re8 25. b4 Bc8 26. c4 Ba6 27. b5 Bb7 28. c5 Rd8 29. c6 Bc8 30. Nf3 a6 31. b6 Rd6 32. b7 Rd8 33. b8=Q Rf8 34. Bb4 Re8 35. Qd6 h6 36. Qd5+ Kh8 37. Qxd3 Bf5 38. Qxf5 Rd8 39. Nc3 Re8 40. c7 Rg8 41. c8=R a5 42. Ng5 hxg5 43. Qh3# 1-0

[Event "ONJK-FGH 2019"]
[Site "Borne"]
[Date "2019.08.13"]
[Round "1.6"]
[White "Drenthen, Abel"]
[Black "Leenen, Boyd"]
[Result "0-1"]
[ECO "C55"]
[WhiteElo "304"]
[BlackElo "618"]
[Annotator "NA"]
[PlyCount "98"]
[EventDate "2019.08.05"]
[EventType "swiss"]
[EventCountry "NED"]
[TimeControl "1500+10"]

1. e4 e5 2. Nf3 Nc6 3. Bc4 h6 4. O-O Nf6 5. Nc3 a6 6. Re1 b5 7. Bb3 Bc5 8. d3 d6 9. Be3 Bb4 10. a3 Bxc3 11. bxc3 Be6 12. Bxe6 fxe6 13. c4 bxc4 14. dxc4 Nxe4 15. Bg5 Nxg5 16. Nxg5 Qxg5 17. h3 Rf8 18. Re4 Qf5 19. Qf3 Qxf3 20. gxf3 Rxf3 21. Kg2 Rc3 22. Rc1 Rxa3 23. Rg4 g5 24. h4 gxh4 25. Rxh4 O-O-O 26. Rh3 Kd7 27. Rxh6 Ne7 28. Rh7 Rc3 29. Rd1 Rxc4 30. Rg7 Re8 31. Rc1 Rg8 32. Rxg8 Nxg8 33. Rg1 Rg4+ 34. Kh2 Rxg1 35. Kxg1 Nf6 36. f3 c5 37. c4 a5 38. f4 a4 39. fxe5 dxe5 40. Kf1 e4 41. Ke1 a3 42. Kd1 e3 43. Kc1 e2 44. Kd2 a2 45. Kxe2 a1=Q 46. Kd3 Qd4+ 47. Kc2 Ne4 48. Kb3 Qc3+ 49. Ka4 Qb4# 0-1

[Event "ONJK-FGH 2019"]
[Site "Borne"]
[Date "2019.08.05"]
[Round "2.1"]
[White "Deij, Casper"]
[Black "Vijver, Jonathan"]
[Result "0-1"]
[ECO "C55"]
[WhiteElo "538"]
[BlackElo "999"]
[Annotator "NA"]
[PlyCount "68"]
[EventDate "2019.08.05"]
[EventType "swiss"]
[EventCountry "NED"]
[SourceTitle "playchess.com"]
[Source "ChessBase"]
[SourceQuality "1"]
[TimeControl "1500+10"]

1. e4 e5 2. Bc4 Nf6 3. Nc3 Nc6 4. Nf3 Nxe4 5. Nxe4 d5 6. Bxd5 Qxd5 7. Nc3 Qd8 8. O-O Bc5 9. d3 Bg4 10. Bg5 Be7 11. Bxe7 Qxe7 12. Re1 Nd4 13. Re3 Nxf3+ 14. gxf3 Bh3 15. f4 O-O 16. Rxh3 Qd7 17. Qh5 h6 18. Qxe5 Qxh3 19. Qxc7 Qg4+ 20. Kf1 Qf3 21. Re1 Qh1+ 22. Ke2 Rfe8+ 23. Ne4 Qxh2 24. Kf3 Qh5+ 25. Kg3 Re6 26. Kg2 Rae8 27. Qxb7 f5 28. Qd5 Kh8 29. Rh1 Qf7 30. Nd6 Rg6+ 31. Kf1 Qxd5 32. Nxe8 Qxh1+ 33. Ke2 Re6+ 34. Kd2 Qe1# 0-1

[Event "ONJK-FGH 2019"]
[Site "Borne"]
[Date "2019.08.05"]
[Round "2.2"]
[White "Kurt, Sascha"]
[Black "Luzac, Tijmen"]
[Result "1/2-1/2"]
[ECO "B32"]
[WhiteElo "984"]
[BlackElo "516"]
[Annotator "NA"]
[PlyCount "116"]
[EventDate "2019.08.05"]
[EventType "swiss"]
[EventCountry "NED"]
[SourceTitle "playchess.com"]
[Source "ChessBase"]
[SourceQuality "1"]
[TimeControl "1500+10"]

1. e4 c5 2. Nf3 Nc6 3. d4 b6 4. d5 Na5 5. Nc3 d6 6. Bb5+ Bd7 7. Bxd7+ Qxd7 8. O-O Nf6 9. Bf4 g6 10. Re1 Bg7 11. e5 Nh5 12. Bg5 O-O 13. exd6 exd6 14. h3 Rae8 15. Qd2 Nc4 16. Qc1 Rxe1+ 17. Nxe1 Qf5 18. Nf3 f6 19. g4 Qxf3 20. Bh6 g5 21. Bxg7 Nxg7 22. Nb5 Qxd5 23. b3 Nd2 24. Qd1 Nf3+ 25. Kf1 Qxd1+ 26. Rxd1 Ne5 27. Rxd6 Ra8 28. Rxf6 Nd7 29. Rd6 Nf8 30. Kg2 Nfe6 31. Rd7 Nd4 32. Nxd4 cxd4 33. Rxd4 Rc8 34. c4 Ne6 35. Rd7 Nf4+ 36. Kg3 Ne2+ 37. Kf3 Nf4 38. Rxa7 Nxh3 39. Ra6 Rf8+ 40. Kg3 Nxf2 41. Rxb6 Ne4+ 42. Kg2 Rf2+ 43. Kg1 Rxa2 44. Rb8+ Kf7 45. Rb7+ Ke6 46. Rb6+ Ke5 47. Rb5+ Kd4 48. Rf5 Ra1+ 49. Rf1 Ra3 50. Rd1+ Kc3 51. Rc1+ Kb4 52. Kg2 Rxb3 53. Re1 Rb2+ 54. Kf3 Nf2 55. Re5 Kxc4 56. Rxg5 Nd3 57. Rh5 Rf2+ 58. Kg3 Rf7 1/2-1/2

[Event "ONJK-FGH 2019"]
[Site "Borne"]
[Date "2019.08.05"]
[Round "2.3"]
[White "Barbier, Emma"]
[Black "Terlouw, Wouter"]
[Result "0-1"]
[ECO "B34"]
[WhiteElo "578"]
[BlackElo "1159"]
[Annotator "NA"]
[PlyCount "136"]
[EventDate "2019.08.05"]
[EventType "swiss"]
[EventCountry "NED"]
[SourceTitle "playchess.com"]
[Source "ChessBase"]
[SourceQuality "1"]
[TimeControl "1500+10"]

1. e4 c5 2. Bc4 Nc6 3. Nf3 g6 4. d4 cxd4 5. Nxd4 Bg7 6. Nf3 d6 7. Nc3 Nf6 8. Bg5 O-O 9. O-O Bg4 10. h3 Bd7 11. Qe2 Qb6 12. b3 Nd4 13. Qd3 Nxf3+ 14. Qxf3 Bc6 15. Bd5 Bxd5 16. Nxd5 Nxd5 17. exd5 Bxa1 18. Rxa1 f6 19. Bh6 Rfe8 20. Re1 Rac8 21. c4 Qa5 22. Re2 b5 23. Qe3 e5 24. dxe6 Re7 25. Qf3 f5 26. Bg5 Ree8 27. e7 bxc4 28. Qe3 cxb3 29. Qe6+ Kg7 30. Qf6+ Kg8 31. Bh6 Qc3 32. Qxc3 Rxc3 33. axb3 Rxb3 34. Re6 Rb6 35. Rf6 Rbb8 36. Rxd6 Rxe7 37. g3 Ra8 38. Bg5 Re1+ 39. Kg2 a5 40. Rf6 a4 41. Bd2 Rd1 42. Bc3 a3 43. g4 a2 44. gxf5 gxf5 45. Rxf5 Rc1 46. Rg5+ Kf8 47. Bg7+ Kf7 48. Be5 Rg8 49. Rxg8 Kxg8 50. f4 a1=Q 51. Bxa1 Rxa1 52. Kg3 Kf7 53. Kg4 Ra4 54. Kf5 Ra5+ 55. Kg4 Kg6 56. Kf3 Kf5 57. Kg3 Ra4 58. Kf3 Rxf4+ 59. Ke3 Rh4 60. Kf2 Rxh3 61. Ke2 Rg3 62. Kd2 h5 63. Kc2 h4 64. Kd2 h3 65. Ke2 h2 66. Kd2 h1=Q 67. Kc2 Qh2+ 68. Kd1 Rg2 0-1

[Event "ONJK-FGH 2019"]
[Site "Borne"]
[Date "2019.08.05"]
[Round "2.4"]
[White "Gang, Kevin"]
[Black "De Vries, Jaap"]
[Result "1-0"]
[ECO "D07"]
[WhiteElo "827"]
[BlackElo "522"]
[Annotator "NA"]
[PlyCount "91"]
[EventDate "2019.08.05"]
[EventType "swiss"]
[EventCountry "NED"]
[SourceTitle "playchess.com"]
[Source "ChessBase"]
[SourceQuality "1"]
[TimeControl "1500+10"]

1. d4 d5 2. c4 Nc6 3. Nf3 Nf6 4. Nc3 dxc4 5. e4 e5 6. Nxe5 Nxe5 7. dxe5 Qxd1+ 8. Nxd1 Nxe4 9. Bxc4 Be6 10. b3 Bxc4 11. bxc4 Bb4+ 12. Ke2 Nc3+ 13. Nxc3 Bxc3 14. Rb1 O-O-O 15. f4 Rhe8 16. Be3 f6 17. Rhc1 Bd4 18. Bxd4 Rxd4 19. Ke3 Red8 20. e6 R4d6 21. f5 g6 22. g4 h6 23. fxg6 Rg8 24. e7 Re6+ 25. Kf4 Rxe7 26. Kf5 Rf8 27. Re1 Rd7 28. Rbd1 Rxd1 29. Rxd1 a5 30. g7 Rg8 31. Kxf6 a4 32. Kf7 Rd8 33. Rxd8+ Kxd8 34. g8=Q+ Kd7 35. Qe8+ Kd6 36. Qe7+ Kc6 37. c5 Kb5 38. Qe5 c6 39. a3 b6 40. cxb6+ Kxb6 41. Ke7 c5 42. Kd7 Kb5 43. Kd6 h5 44. Qxc5+ Ka6 45. Kc7 hxg4 46. Qb6# 1-0

[Event "ONJK-FGH 2019"]
[Site "Borne"]
[Date "2019.08.05"]
[Round "2.5"]
[White "Zoet, Wiebe"]
[Black "Thijssen, Freek"]
[Result "0-1"]
[ECO "C55"]
[WhiteElo "426"]
[BlackElo "702"]
[Annotator "NA"]
[PlyCount "30"]
[EventDate "2019.08.05"]
[EventType "swiss"]
[EventCountry "NED"]
[SourceTitle "playchess.com"]
[Source "ChessBase"]
[SourceQuality "1"]
[TimeControl "1500+10"]

1. e4 e5 2. Nf3 Nc6 3. Nc3 Bc5 4. Bc4 Nf6 5. Ng5 O-O 6. Bxf7+ Rxf7 7. Nxf7 Kxf7 8. O-O d6 9. d3 Ng4 10. Qf3+ Kg8 11. Nd5 Qh4 12. h3 Nxf2 13. Nxc7 Nxh3+ 14. Kh1 Nf2+ 15. Kg1 Qh1# 0-1

[Event "ONJK-FGH 2019"]
[Site "Borne"]
[Date "2019.08.05"]
[Round "2.6"]
[White "Leenen, Boyd"]
[Black "Barbier, Sarah"]
[Result "1/2-1/2"]
[ECO "C23"]
[WhiteElo "618"]
[BlackElo "386"]
[Annotator "NA"]
[PlyCount "38"]
[EventDate "2019.08.05"]
[EventType "swiss"]
[EventCountry "NED"]
[SourceTitle "playchess.com"]
[Source "ChessBase"]
[SourceQuality "1"]
[TimeControl "1500+10"]

1. e4 e5 2. Nf3 Bc5 3. Bc4 a5 4. Nxe5 Qe7 5. d4 Ba7 6. Nc3 Nf6 7. Qd3 Nc6 8. Nf3 Ng4 9. h3 Nh6 10. Bxh6 gxh6 11. d5 Qc5 12. dxc6 Qxf2+ 13. Kd1 Be3 14. Qe2 Qh4 15. Nxh4 Bg5 16. cxb7 Bxb7 17. Bd5 Bxd5 18. Nxd5 O-O-O 19. Nf5 Rhe8 1/2-1/2

[Event "ONJK-FGH 2019"]
[Site "Borne"]
[Date "2019.08.06"]
[Round "3.1"]
[White "Vijver, Jonathan"]
[Black "Jorritsma, Eli Alia"]
[Result "1-0"]
[ECO "B13"]
[WhiteElo "999"]
[BlackElo "574"]
[Annotator "NA"]
[PlyCount "45"]
[EventDate "2019.08.05"]
[EventType "swiss"]
[EventCountry "NED"]
[SourceTitle "playchess.com"]
[Source "ChessBase"]
[SourceQuality "1"]
[TimeControl "1500+10"]

1. e4 c6 2. d4 d5 3. exd5 cxd5 4. Nc3 Bf5 5. Bf4 Nd7 6. Nxd5 e6 7. Nc7+ Ke7 8. Nxa8 Qxa8 9. Nf3 Ngf6 10. Bb5 Ke8 11. Ne5 Qd8 12. Bxd7+ Nxd7 13. Nxd7 Qxd7 14. O-O Qe7 15. c3 Qf6 16. Bg3 Qg5 17. Qa4+ Ke7 18. d5 exd5 19. Bh4 Bd7 20. Bxg5+ Ke8 21. Rfe1+ Be7 22. Rxe7+ Kd8 23. Qxd7# 1-0

[Event "ONJK-FGH 2019"]
[Site "Borne"]
[Date "2019.08.06"]
[Round "3.2"]
[White "Dijkhuijsen, Thomas"]
[Black "Kurt, Sascha"]
[Result "0-1"]
[ECO "C50"]
[WhiteElo "595"]
[BlackElo "984"]
[Annotator "NA"]
[PlyCount "34"]
[EventDate "2019.08.05"]
[EventType "swiss"]
[EventCountry "NED"]
[SourceTitle "playchess.com"]
[Source "ChessBase"]
[SourceQuality "1"]
[TimeControl "1500+10"]

1. e4 e5 2. Nf3 Nc6 3. Nc3 Nf6 4. Bc4 Bc5 5. O-O d6 6. d3 Be6 7. Bxe6 fxe6 8. Bg5 h6 9. Bxf6 Qxf6 10. b3 O-O-O 11. Rc1 h5 12. Nd2 h4 13. g3 hxg3 14. Nf3 gxh2+ 15. Nxh2 Qh4 16. Re1 Qxh2+ 17. Kf1 Qxf2# 0-1

[Event "ONJK-FGH 2019"]
[Site "Borne"]
[Date "2019.08.06"]
[Round "3.3"]
[White "Terlouw, Wouter"]
[Black "Rooijakkers, Liam"]
[Result "1-0"]
[ECO "B07"]
[WhiteElo "1159"]
[BlackElo "680"]
[Annotator "NA"]
[PlyCount "115"]
[EventDate "2019.08.05"]
[EventType "swiss"]
[EventCountry "NED"]
[SourceTitle "playchess.com"]
[Source "ChessBase"]
[SourceQuality "1"]
[TimeControl "1500+10"]

1. d4 d6 2. e4 Nf6 3. Nc3 Nbd7 4. Nf3 c6 5. Bc4 b5 6. Bb3 b4 7. Ng5 e6 8. Ne2 h6 9. Nf3 Nxe4 10. Ng3 Nxg3 11. hxg3 Be7 12. Bd2 a5 13. O-O g5 14. Ba4 Bb7 15. c3 g4 16. Nh2 h5 17. f3 Qc7 18. fxg4 hxg4 19. Qxg4 O-O-O 20. Rxf7 Nb6 21. Qxe6+ Qd7 22. Rxe7 Qxe6 23. Rxe6 Nxa4 24. cxb4 axb4 25. b3 Nc3 26. Bxc3 bxc3 27. Rc1 Rh7 28. Rxc3 Rf7 29. Rf3 Rg7 30. Ref6 c5 31. d5 Bxd5 32. Rd3 Bb7 33. Kf2 Rdg8 34. Rfxd6 Rc7 35. Re3 Rf7+ 36. Nf3 Rgf8 37. Rde6 Kd7 38. R6e5 Kd8 39. Rxc5 Rd7 40. Ke2 Ba6+ 41. Ke1 Rg8 42. Ne5 Re8 43. Nc6+ Kc7 44. Rxe8 Kb6 45. Rc3 Rc7 46. Re6 Bb5 47. Nd8+ Ka5 48. Rxc7 Bd3 49. a3 Bb5 50. Nc6+ Ka6 51. Nb4+ Ka5 52. Ra7+ Ba6 53. Rexa6+ Kb5 54. Rb7+ Kc5 55. Rc6+ Kd4 56. Rd7+ Ke5 57. Rd5+ Ke4 58. Rc4+ 1-0

[Event "ONJK-FGH 2019"]
[Site "Borne"]
[Date "2019.08.06"]
[Round "3.4"]
[White "Talen Alarcón, Milton"]
[Black "Gang, Kevin"]
[Result "0-1"]
[ECO "C55"]
[WhiteElo "619"]
[BlackElo "827"]
[Annotator "NA"]
[PlyCount "28"]
[EventDate "2019.08.05"]
[EventType "swiss"]
[EventCountry "NED"]
[SourceTitle "playchess.com"]
[Source "ChessBase"]
[SourceQuality "1"]
[TimeControl "1500+10"]

1. e4 e5 2. Nf3 Nc6 3. Nc3 Nf6 4. Bc4 Nxe4 5. Nxe4 d5 6. Bb3 dxe4 7. Ng1 Bc5 8. f3 O-O 9. fxe4 Qh4+ 10. Ke2 Qf2+ 11. Kd3 Nb4+ 12. Kc4 Qd4+ 13. Kb5 Bd7+ 14. Ka5 b6# 0-1

[Event "ONJK-FGH 2019"]
[Site "Borne"]
[Date "2019.08.06"]
[Round "3.5"]
[White "Thijssen, Freek"]
[Black "Rudolph, Simon"]
[Result "1-0"]
[ECO "C11"]
[WhiteElo "702"]
[BlackElo "464"]
[Annotator "NA"]
[PlyCount "49"]
[EventDate "2019.08.05"]
[EventType "swiss"]
[EventCountry "NED"]
[SourceTitle "playchess.com"]
[Source "ChessBase"]
[SourceQuality "1"]
[TimeControl "1500+10"]

1. e4 Nf6 2. Nc3 d5 3. e5 Nfd7 4. Nf3 e6 5. d4 c5 6. Bg5 Be7 7. Bxe7 Qxe7 8. Bb5 O-O 9. O-O cxd4 10. Nxd4 a6 11. Bd3 g6 12. Re1 Qg5 13. Nf3 Qd8 14. Qd2 h5 15. Qh6 f5 16. Ng5 Rf7 17. Qxg6+ Rg7 18. Qxe6+ Kf8 19. Qxf5+ Kg8 20. e6 Nc5 21. Re5 Nxd3 22. cxd3 Qe8 23. Qf7+ Qxf7 24. exf7+ Kf8 25. Re8# 1-0

[Event "ONJK-FGH 2019"]
[Site "Borne"]
[Date "2019.08.06"]
[Round "3.6"]
[White "Zhang, Yourui Eric"]
[Black "Leenen, Boyd"]
[Result "0-1"]
[ECO "C41"]
[WhiteElo "447"]
[BlackElo "618"]
[Annotator "NA"]
[PlyCount "56"]
[EventDate "2019.08.05"]
[EventType "swiss"]
[EventCountry "NED"]
[SourceTitle "playchess.com"]
[Source "ChessBase"]
[SourceQuality "1"]
[TimeControl "1500+10"]

1. e4 e5 2. Nf3 d6 3. Bc4 h6 4. O-O Nf6 5. d3 a6 6. Nc3 Nc6 7. Be3 Be6 8. Bxe6 fxe6 9. b3 Be7 10. Ne2 Qd7 11. d4 exd4 12. Nfxd4 Nxe4 13. Nxc6 Qxc6 14. Qd4 e5 15. Qd2 Nxd2 16. Bxd2 Qxc2 17. Rfd1 O-O 18. Rac1 Qxa2 19. Rxc7 Qxb3 20. Rdc1 Bd8 21. Rxb7 Qxb7 22. Rc3 Qa7 23. Rg3 Qxf2+ 24. Kh1 Qf1+ 25. Ng1 Qxg1+ 26. Kxg1 Rb8 27. Bxh6 Rb1+ 28. Bc1 Rxc1# 0-1

[Event "ONJK-FGH 2019"]
[Site "Borne"]
[Date "2019.08.06"]
[Round "4.1"]
[White "Breider, Jayden"]
[Black "Vijver, Jonathan"]
[Result "0-1"]
[ECO "C56"]
[WhiteElo "347"]
[BlackElo "999"]
[Annotator "NA"]
[PlyCount "114"]
[EventDate "2019.08.05"]
[EventType "swiss"]
[EventCountry "NED"]
[SourceTitle "playchess.com"]
[Source "ChessBase"]
[SourceQuality "1"]
[TimeControl "1500+10"]

1. e4 e5 2. Nf3 Nc6 3. d4 exd4 4. Bc4 Nf6 5. O-O d6 6. Ng5 Ne5 7. Bb3 h6 8. Nf3 Bg4 9. Bf4 Nxf3+ 10. gxf3 Bh3 11. Re1 Be7 12. Qxd4 Nh5 13. e5 Nxf4 14. Qxf4 d5 15. Rd1 c6 16. c4 Be6 17. cxd5 Bxd5 18. Bxd5 cxd5 19. Nc3 Bg5 20. Qd4 O-O 21. Qxd5 Qxd5 22. Rxd5 Rad8 23. Rad1 Rxd5 24. Nxd5 Rd8 25. Kg2 Kf8 26. Kg3 f5 27. exf6 Bxf6 28. Kf4 Bxb2 29. Rb1 g5+ 30. Kg4 Rxd5 31. Rxb2 b6 32. Re2 Rd7 33. Re4 Kg7 34. f4 gxf4 35. Rxf4 Rd2 36. Rc4 Rxa2 37. Rc7+ Kf8 38. Kh5 Rxf2 39. Kxh6 Rxh2+ 40. Kg6 Rg2+ 41. Kf6 Rf2+ 42. Ke6 Ra2 43. Kf6 Ke8 44. Ke6 Kd8 45. Rh7 a5 46. Kd6 Rd2+ 47. Kc6 Rb2 48. Kd6 Ke8 49. Ke6 Kf8 50. Kf6 Kg8 51. Ra7 Rc2 52. Kg6 Rc6+ 53. Kf5 Rc1 54. Ra8+ Kh7 55. Kg5 Rg1+ 56. Kf5 Rg8 57. Ra7+ Rg7 0-1

[Event "ONJK-FGH 2019"]
[Site "Borne"]
[Date "2019.08.06"]
[Round "4.2"]
[White "Kurt, Sascha"]
[Black "Jansen, Lein"]
[Result "1-0"]
[ECO "B00"]
[WhiteElo "984"]
[BlackElo "390"]
[Annotator "NA"]
[PlyCount "49"]
[EventDate "2019.08.05"]
[EventType "swiss"]
[EventCountry "NED"]
[SourceTitle "playchess.com"]
[Source "ChessBase"]
[SourceQuality "1"]
[TimeControl "1500+10"]

1. e4 e5 2. d4 Nc6 3. d5 Na5 4. Nf3 d6 5. c4 Nf6 6. Qa4+ Bd7 7. Qxa5 Nxe4 8. Nbd2 b6 9. Qa3 Nc5 10. b4 Nb7 11. Be2 Be7 12. O-O O-O 13. Ne4 Bf5 14. Qe3 c5 15. dxc6 Bf6 16. cxb7 Rb8 17. Nxf6+ Qxf6 18. Qg5 Qg6 19. Qxg6 Bxg6 20. Rd1 Rxb7 21. Rxd6 a5 22. Nxe5 Re8 23. Nxg6 Rxe2 24. Rd8+ Re8 25. Rxe8# 1-0

[Event "ONJK-FGH 2019"]
[Site "Borne"]
[Date "2019.08.06"]
[Round "4.3"]
[White "Gang, Kevin"]
[Black "Geldof, Max"]
[Result "0-1"]
[ECO "E24"]
[WhiteElo "827"]
[BlackElo "749"]
[Annotator "NA"]
[PlyCount "54"]
[EventDate "2019.08.05"]
[EventType "swiss"]
[EventCountry "NED"]
[SourceTitle "playchess.com"]
[Source "ChessBase"]
[SourceQuality "1"]
[TimeControl "1500+10"]

1. d4 d5 2. c4 e6 3. Nc3 Nf6 4. Bg5 Bb4 5. a3 Bxc3+ 6. bxc3 Nc6 7. Nf3 h6 8. Bh4 O-O 9. Ne5 Qd6 10. c5 Qe7 11. e3 b6 12. Bb5 Nd8 13. Bxf6 Qxf6 14. Bd7 Qe7 15. Bxc8 Rxc8 16. Qg4 bxc5 17. dxc5 Qxc5 18. Nd7 Qxc3+ 19. Ke2 f5 20. Qg6 Qc4+ 21. Kf3 Qe4+ 22. Kg3 f4+ 23. exf4 Qxg6+ 24. Kf3 Qe4+ 25. Kg4 Rxf4+ 26. Kh3 Rh4+ 27. Kg3 Qf4# 0-1

[Event "ONJK-FGH 2019"]
[Site "Borne"]
[Date "2019.08.06"]
[Round "4.4"]
[White "Smeets, Bent"]
[Black "Terlouw, Wouter"]
[Result "0-1"]
[ECO "D02"]
[WhiteElo "463"]
[BlackElo "1159"]
[Annotator "NA"]
[PlyCount "78"]
[EventDate "2019.08.05"]
[EventType "swiss"]
[EventCountry "NED"]
[SourceTitle "playchess.com"]
[Source "ChessBase"]
[SourceQuality "1"]
[TimeControl "1500+10"]

1. d4 d5 2. c4 c6 3. Nc3 Nf6 4. Nf3 Bf5 5. Bf4 e6 6. e3 Bd6 7. c5 Bxf4 8. exf4 Nbd7 9. Bd3 Bg6 10. O-O O-O 11. Bxg6 fxg6 12. Ng5 Re8 13. Re1 Nf8 14. Ne2 h6 15. Nf3 Ne4 16. Nc3 Nxc3 17. bxc3 Qa5 18. Qd3 Qc7 19. Ne5 Kh7 20. h3 Qe7 21. f5 gxf5 22. g4 g6 23. gxf5 gxf5 24. Kf1 Nd7 25. Nxd7 Qxd7 26. Ke2 Rg8 27. Qf3 Rae8 28. Rad1 e5 29. Kd2 e4 30. Qf4 Rg5 31. h4 Rg4 32. Qh2 Reg8 33. Rg1 Qe7 34. Rxg4 Rxg4 35. Qb8 Qxh4 36. Qxb7+ Rg7 37. Qxc6 Qxf2+ 38. Kc1 Rg2 39. Qa4 Qb2# 0-1

[Event "ONJK-FGH 2019"]
[Site "Borne"]
[Date "2019.08.06"]
[Round "4.5"]
[White "Leenen, Boyd"]
[Black "Thijssen, Freek"]
[Result "1-0"]
[ECO "C50"]
[WhiteElo "618"]
[BlackElo "702"]
[Annotator "NA"]
[PlyCount "132"]
[EventDate "2019.08.05"]
[EventType "swiss"]
[EventCountry "NED"]
[SourceTitle "playchess.com"]
[Source "ChessBase"]
[SourceQuality "1"]
[TimeControl "1500+10"]

1. e4 e5 2. Nf3 Nc6 3. Nc3 Nf6 4. Bc4 Bc5 5. d3 h6 6. Be3 Bb4 7. Qd2 O-O 8. O-O d6 9. Rfe1 d5 10. exd5 Nd4 11. Nxe5 Nf5 12. Nf3 Re8 13. a3 Ba5 14. b4 Bb6 15. Bxb6 axb6 16. Rxe8+ Qxe8 17. Re1 Qd8 18. Qf4 Rxa3 19. Qd2 Qd6 20. Rb1 Ng4 21. Nb5 Qe7 22. Nxa3 c6 23. Qf4 Nf6 24. Ra1 Nxd5 25. Bxd5 cxd5 26. Qe5 Qd8 27. Re1 Bd7 28. Qxd5 Ne7 29. Qd6 Nf5 30. Qd5 Ne7 31. Qd4 Nf5 32. Qe4 Qa8 33. Ra1 b5 34. Qd5 Be6 35. Qxb5 Kh8 36. Qe5 Kg8 37. Nb5 Qe8 38. Nc7 Qe7 39. Nxe6 fxe6 40. g4 Nd6 41. Nd4 Kf7 42. Re1 Kf8 43. Qxe6 Qxe6 44. Rxe6 Nf7 45. Rb6 Nd8 46. Ne6+ Nxe6 47. Rxe6 Kf7 48. Rb6 Ke7 49. Rxb7+ Kd6 50. Rxg7 Ke5 51. Rh7 Kf4 52. Rxh6 Kxg4 53. b5 Kg5 54. b6 Kxh6 55. b7 Kg5 56. b8=Q Kg6 57. Kg2 Kf5 58. Qb4 Ke5 59. Qc4 Kf5 60. Qd4 Kg5 61. Qe4 Kf6 62. Qd5 Kg6 63. Qe5 Kf7 64. Qd6 Kg7 65. Qe6 Kh7 66. Qf6 Kg8 1-0

[Event "ONJK-FGH 2019"]
[Site "Borne"]
[Date "2019.08.06"]
[Round "4.6"]
[White "Van Es, Bjarne"]
[Black "Zhang, Yourui Eric"]
[Result "0-1"]
[ECO "C48"]
[WhiteElo "100"]
[BlackElo "447"]
[Annotator "NA"]
[PlyCount "54"]
[EventDate "2019.08.05"]
[EventType "swiss"]
[EventCountry "NED"]
[SourceTitle "playchess.com"]
[Source "ChessBase"]
[SourceQuality "1"]
[TimeControl "1500+10"]

1. e4 e5 2. Nf3 Nc6 3. Nc3 Nf6 4. Bb5 Bc5 5. Bxc6 bxc6 6. Nxe5 Qe7 7. f4 d6 8. Nf3 Ng4 9. d4 Bb6 10. O-O c5 11. dxc5 Bxc5+ 12. Kh1 Ba6 13. Re1 Nf2+ 14. Kg1 Nd3+ 15. Kf1 Nxc1+ 16. Ne2 Nxe2 17. Rxe2 Bxe2+ 18. Qxe2 Rb8 19. Rb1 Ba3 20. Qa6 Qxe4 21. Qxa3 O-O 22. Re1 Qxc2 23. b4 Qc4+ 24. Re2 Rfe8 25. Nd2 Qxe2+ 26. Kg1 Qxd2 27. Qxa7 Re1# 0-1